 Dungeon Crawl Stone Soup version 0.29.1-1-gd02db6906a (webtiles) character file.

Game seed: 3160208567717548100

7 fireball365 the Digger (level 1, -1/14 HPs)
             Began as a Demigod Earth Elementalist on Oct 5, 2022.
             Slain by a quokka (4 damage)
             ... on level 1 of the Dungeon.
             The game lasted 00:01:42 (284 turns).

fireball365 the Digger (Demigod Earth Elementalist)  Turns: 284, Time: 00:01:42

Health: -1/14      AC: 10    Str:  9    XL:     1   Next: 66%
Magic:  2/5        EV:  0    Int: 17    God:
Gold:   33         SH:  5    Dex: 14    Spells: 3/4 levels left

rFire   . . .      SeeInvis .   (no weapon)
rCold   . . .      Faith    .   (no shield)
rNeg    . . .      Spirit   .   i - +0 plate armour
rPois   .          Reflect  +   (no helmet)
rElec   .          Harm     .   (no cloak)
rCorr   .          Rampage  .   (no gloves)
Will    .....                   (no boots)
Stlth   ..........              d - amulet of reflection
HPRegen 0.04/turn               (no ring)
MPRegen 0.09/turn               (no ring)

@: very slightly contaminated
A: high MP 1, forlorn, divine attributes
a: no special abilities


You were on level 1 of the Dungeon.
You visited 1 branch of the dungeon, and saw 1 of its levels.

You collected 33 gold pieces.

Inventory:

Hand Weapons
 e - a +0 sling
Missiles
 h - 6 atropa-tipped darts (quivered)
Armour
 f - a +0 ring mail
 i - a +0 plate armour (worn)
Jewellery
 d - an amulet of reflection (around neck)
Scrolls
 a - a scroll of enchant weapon {unknown}
 c - a scroll of noise {unknown}
 g - a scroll of immolation {unknown}
 j - a scroll of identify {unknown}
Potions
 b - a potion of magic


   Skills:
 + Level 1.8 Dodging
 + Level 1.7 Stealth
 + Level 2.0 Spellcasting
 + Level 0.8 Transmutations
 + Level 2.9 Earth Magic


You had 3 spell levels left.
You knew the following spells:

 Your Spells              Type           Power      Damage    Failure   Level
a - Sandblast             Erth           22%        2d7       100%        1

Your spell library contained the following spells:

 Spells                   Type           Power      Damage    Failure   Level
 Beastly Appendage        Tmut           8%         N/A       100%        1
 Passwall                 Tmut/Erth      6%         N/A       100%        2
 Wereblood                Tmut           4%         N/A       100%        2
 Spider Form              Tmut/Pois      3%         N/A       100%        3
 Stone Arrow              Conj/Erth      12%        3d7       100%        3
 Petrify                  Tmut/Erth      8%         N/A       100%        4


Dungeon Overview and Level Annotations

Branches:
Dungeon (1/15)


Innate Abilities, Weirdness & Mutations

You have an increased reservoir of magic. (+10% MP)
You shall have no god before yourself.
Your divine heritage dramatically boosts your attributes as you level up.


Message History

The quokka bites you but does no damage.
You hit the quokka.
The quokka is lightly wounded.
The quokka bites you but does no damage.
You barely miss the quokka.
The quokka is lightly wounded.
You block the quokka's attack.
You hit the quokka.
The quokka is moderately wounded.
The quokka bites you but does no damage.
You hit the quokka but do no damage.
The quokka is moderately wounded.
The quokka bites you but does no damage. x2
You hit the quokka but do no damage.
The quokka is moderately wounded.
You block the quokka's attack.
You are too injured to fight recklessly!
You are too injured to fight recklessly!
Casting: Sandblast (safe; 100% risk of failure)
Confirm with . or Enter, or press ? or * to list all spells.
Aiming: Sandblast (safe; 100% risk of failure)
Press: ? - help, Shift-Dir - straight line, f/p - quokka
Aim: a quokka (moderately wounded, 75% to hit)
You miscast Sandblast.
Nothing appears to happen.
The quokka bites you but does no damage.
Casting: Sandblast (safe; 100% risk of failure)
Confirm with . or Enter, or press ? or * to list all spells.
Aiming: Sandblast (safe; 100% risk of failure)
Press: ? - help, Shift-Dir - straight line, f/p - quokka
Aim: a quokka (moderately wounded, 75% to hit)
You miscast Sandblast.
Nothing appears to happen.
You block the quokka's attack.
You closely miss the quokka.
The quokka is moderately wounded.
The quokka bites you but does no damage.
You hit the quokka.
The quokka is heavily wounded.
The quokka bites you but does no damage.
The quokka bites you.
You die...

#..........# #...#
##..........## #...#
..............# ###...##
..............# #.......
.....##.......####.......
..... #.......#..........
##### #.......#......⌠...
#.......#..........
#.@r....####.......
#.......# #......<
.........# ###...##
..........## #...#
............# #...#
.........##.# ##+#
.........# .. .........#
##


You could see a quokka.

Vanquished Creatures
  An endoplasm (D:1)
  A giant cockroach (D:1)
  3 bats (D:1)
  A frilled lizard (D:1)
  A rat (D:1)
7 creatures vanquished.

Notes
Turn   | Place    | Note
-------+----------+-------------------------------------------
     0 | D:1      | fireball365 the Demigod Earth Elementalist began the quest
                  | for the Orb.
     0 | D:1      | Reached XP level 1. HP: 14/14 MP: 5/5
   284 | D:1      | Slain by a quokka

Illustrated notes

Levels and vault maps discovered:
D:1:      minmay_arrival_cross, layout_basic

Skill      XL: |  1 |
---------------+----+-----
Spellcasting   | 2 |  2.0
Dodging        | |  1.8
Stealth        | |  1.7
Transmutations | |  0.8
Earth Magic    | |  2.9

Action                   || total
-------------------------++-------
Melee: Unarmed           ||    19
 Cast: Sandblast         ||     7
Armor: Plate armour      ||    19
       Ring mail         ||     4
Dodge: Dodged            ||     6
Block: Other             ||     9
